 Dungeon Crawl Stone Soup version 0.29.1-2-gbd0b4ee654 (webtiles) character file.

Game seed: 16709414846707572547

19 GorkyZ the Cudgeller (level 2, -1/22 HPs)
             Began as a Demonspawn Gladiator on Nov 19, 2022.
             Succumbed to a gnoll's poison
             ... on level 2 of the Dungeon.
             The game lasted 00:02:28 (1186 turns).

GorkyZ the Cudgeller (Demonspawn Gladiator)         Turns: 1186, Time: 00:02:28

Health: -1/22      AC:  4    Str: 14    XL:     2   Next: 55%
Magic:  2/2        EV: 12    Int:  9    God:
Gold:   46         SH:  0    Dex: 14    Spells: 1/1 levels left

rFire   . . .      SeeInvis .   a - +0 flail
rCold   . . .      Faith    .   (no shield)
rNeg    . . .      Spirit   .   b - +0 leather armour
rPois   .          Reflect  .   c - +0 helmet
rElec   .          Harm     .   (no cloak)
rCorr   .          Rampage  .   (no gloves)
Will    .....                   (no boots)
Stlth   +.........              (no amulet)
HPRegen 0.07/turn               (no ring)
MPRegen 0.16/turn               (no ring)

@: lethally poisoned (-1 -> -10)
A: magic regeneration
a: no special abilities


You were on level 2 of the Dungeon.
You visited 1 branch of the dungeon, and saw 2 of its levels.

You collected 46 gold pieces.

Inventory:

Hand Weapons
 a - a +0 flail (weapon)
Missiles
 d - 3 throwing nets (quivered)
 e - a javelin
Armour
 b - a +0 leather armour (worn)
 c - a +0 helmet (worn)
Scrolls
 g - a scroll of amnesia {unknown}
 h - a scroll of enchant weapon {unknown}
 l - 3 scrolls of brand weapon {unknown}
 n - a scroll of magic mapping {unknown}
Potions
 f - 2 potions of lignification {unknown}
 i - a potion of heal wounds {unknown}
 j - a potion of cancellation {unknown}
 k - a potion of attraction {unknown}
 m - a potion of flight {unknown}


   Skills:
 + Level 2.1 Fighting
 + Level 2.8 Maces & Flails
 + Level 2.0 Throwing
 + Level 0.4 Armour
 - Level 2.6 Dodging
 + Level 0.5 Shields
 + Level 0.7 Evocations


You had one spell level left.
You didn't know any spells.
Your spell library was empty.

Dungeon Overview and Level Annotations

Branches:
Dungeon (2/15)

Altars:


Innate Abilities, Weirdness & Mutations

You regenerate magic rapidly.


Message History

No target in view!
No target in view!
No target in view!
No target in view!
No target in view!
No target in view!
No target in view!
No target in view!
A gnoll is nearby!
A gnoll is nearby!
The gnoll shouts!
You hear a shout!
The gnoll throws a poisoned dart.
The poisoned dart hits you!
You are poisoned.
You feel sick.
You feel sick.
You feel sick.
You feel sick.
You feel sick.
You feel sick.
A gnoll is nearby!
You feel sick.
You feel sick.
You are no longer poisoned.
The gnoll throws a poisoned dart.
The poisoned dart hits you!
You are poisoned.
You feel sick.
You feel sick.
The gnoll throws a poisoned dart.
The poisoned dart hits you!
You are lethally poisoned!
You feel very sick.
* * * LOW HITPOINT WARNING * * *
You feel sick.
* * * LOW HITPOINT WARNING * * *
You feel sick.
* * * LOW HITPOINT WARNING * * *
You feel sick.
* * * LOW HITPOINT WARNING * * *
You feel sick.
The gnoll throws a poisoned dart.
The poisoned dart hits you!
You are more poisoned.
A goblin comes into view. It is wielding a +0 dagger.
You die...

#......# #......#.......
#..<...# #.....g...$>.
#).....# ##.........#
#......# #.....##...##
........####.........†.#
.###.....#......g.##.##..#
.. #.....##.....g.##.#
#.... .
#.....###.........# ####
#####...@...#......
#..###.##.>..### ....
...##..#... ....
#####.####. ..g ..# >. ##


You could see 2 gnolls and a goblin (asleep).

Vanquished Creatures
  An adder (D:2)
  2 bats
  An endoplasm (D:1)
  A kobold (D:1)
  A quokka (D:1)
  2 ball pythons (D:2)
  A frilled lizard (D:2)
  2 rats
11 creatures vanquished.

Notes
Turn   | Place    | Note
-------+----------+-------------------------------------------
     0 | D:1      | GorkyZ the Demonspawn Gladiator began the quest for the
                  | Orb.
     0 | D:1      | Reached XP level 1. HP: 16/16 MP: 1/1
   433 | D:1      | Found a faded altar of an unknown god.
   899 | D:2      | Gained mutation: You regenerate magic rapidly. [demonic
                  | ancestry]
   899 | D:2      | Reached XP level 2. HP: 8/22 MP: 2/2
  1185 | D:2      | HP: 1/22 [poisoned by a gnoll]
  1186 | D:2      | Succumbed to a gnoll's poison

Illustrated notes

Levels and vault maps discovered:
D:1:      minmay_arrival_jagged, layout_basic,
          hellmonk_ecumenical_altar_heavens_door
D:2:      layout_rooms, cheibrodos_gnoll_hut, uniq_crazy_yiuf_cottage

Skill      XL: |  1 |
---------------+----+-----
Throwing       | 2 |  2.0
Fighting       | |  2.1
Maces & Flails | |  2.8
Armour         | |  0.4
Dodging        | |  2.6
Shields        | |  0.5
Evocations     | |  0.7

Action                   || total
-------------------------++-------
Melee: Flail             ||    29
Armor: Leather armour    ||    14
Dodge: Dodged            ||    22
